 Dungeon Crawl Stone Soup version 0.13.1-28-g3517093 (console) character file.

517 Magician the Chopper (level 7, -2/44 HPs)
             Began as a Gargoyle Berserker on Mar 4, 2014.
             Was a Believer of Trog.
             Slain by a mummy (11 damage)
             ... on Level 7 of the Dungeon.
             The game lasted 00:06:14 (1099 turns).

Magician the Chopper (Gargoyle Berserker)           Turns: 1099, Time: 00:06:14

HP  -2/44        AC 11     Str 22      XL: 7   Next:  1%
MP   6/6         EV  9     Int  9      God: Trog [**....]
Gold 81          SH  0     Dex 12      Spells:  0 memorised,  6 levels left

Res.Fire  : . . .   See Invis. : .   a - +0 hand axe {=f}
Res.Cold  : . . .   Warding    : .   e - +0 scale mail
Life Prot.: + . .   Conserve   : .   (no shield)
Res.Poison: +       Res.Corr.  : .   (no helmet)
Res.Elec. : +       Clarity    : .   (no cloak)
Sust.Abil.: . .     Spirit.Shd : .   (no gloves)
Res.Mut.  : .       Stasis     : .   (no boots)
Res.Rott. : +       Flight     : .   (no amulet)
Saprovore : . . .                    n - ring of Liberalism {rPois Str+1 Dex+3, unknown}
                                     j - cursed ring of hunger

@: slightly resistant to hostile enchantments, extremely unstealthy
A: fangs 1, talons 2, life protection 1, electricity resistance, slow metabolism
1, unbreathing, petrification resistance, AC +4
a: Burn Spellbooks, Berserk, Trog's Hand, Renounce Religion


You were on level 7 of the Dungeon.
You worshipped Trog.
Trog was pleased with you.
You were not hungry.

You visited 1 branch of the dungeon, and saw 6 of its levels.

You collected 61 gold pieces.

Inventory:

Hand weapons
 a - a +0,+0 hand axe (weapon) {=f}
Armour
 b - a +0 animal skin
 e - a +0 scale mail (worn)
 m - a +0 chain mail
Magical devices
 k - a wand of magic darts (5)
Comestibles
 c - 3 bread rations
Scrolls
 d - a scroll of recharging {unknown}
 f - a scroll of curse armour {unknown}
 g - a scroll of magic mapping {unknown}
 h - 2 scrolls of enchant armour {unknown}
 l - a scroll of identify {unknown}
 o - 2 scrolls of enchant weapon I {unknown}
Jewellery
 j - a cursed ring of hunger (left hand)
 n - the ring of Liberalism (right hand) {rPois Str+1 Dex+3, unknown}
   (You found it on level 7 of the Dungeon)

   [ring of poison resistance]

   It affects your strength (+1).
   It affects your dexterity (+3).
Potions
 i - a potion of agility {unknown}
 p - a potion of curing {unknown}


   Skills:
 + Level 5.0 Fighting
 * Level 5.3 Axes
 + Level 4.1 Armour
 - Level 1.5 Dodging


You had 6 spell levels left.
You didn't know any spells.

Dungeon Overview and Level Annotations

Branches:
Dungeon (7/27)             Temple (0/1) D:4
    Orc: D:6-11

Altars:

Portals:
Ossuary: D:7


Innate Abilities, Weirdness & Mutations

You are resistant to torment.
You are immune to poison.
Your stone body is very resilient (AC +4).
You have very sharp teeth.
You have razor-sharp toenails.
You resist negative energy.
You are resistant to electric shocks.
You have a slow metabolism.
You can survive without breathing.
You are immune to petrification.


Message History

There is an open door here.
The mummy hits you.
You see here 10 gold pieces.
You now have 81 gold pieces (gained 10).
You hit the mummy.
The mummy is moderately damaged.
You barely miss the mummy.
The mummy is moderately damaged.
The mummy barely misses you.
Your scale mail prevents you from hitting the mummy.
You claw the mummy.
The mummy is moderately damaged.
The mummy hits you!
* * * LOW HITPOINT WARNING * * *
You hit the mummy but do no damage. Your kick misses the mummy.
The mummy is moderately damaged.
You hit the mummy.
The mummy is heavily damaged.
The mummy hits you!
You die...

#........#
#........# #
##........# .
+........####
.
########'...#
#........#..#
#........# ..#
#........###..
#........#@##
#........#M.##
#........'..∩#
#........#^.##
#........#.##
######..###
#..# #+.# ...


You could see a mummy.

Vanquished Creatures
  An ice beast (D:7)
  2 ogres (D:7)
  A worker ant (D:7)
  2 orc wizards (D:7)
  A hound zombie (D:7)
  2 adders
  3 gnolls (D:7)
  A giant eyeball (D:7)
  A giant gecko (D:2)
  8 orcs
  A ball python (D:1)
  A bat (D:7)
  A giant cockroach (D:1)
  3 goblins
  3 hobgoblins
  4 jackals (D:1)
  A kobold (D:2)
  3 giant newts (D:2)
  3 rats
42 creatures vanquished.

Notes
Turn   | Place    | Note
--------------------------------------------------------------
     0 | D:1      | Magician, the Gargoyle Berserker, began the quest for the Orb.
     0 | D:1      | Reached XP level 1. HP: 14/14 MP: 0/0
   143 | D:1      | Reached XP level 2. HP: 16/19 MP: 1/1
   246 | D:2      | Reached XP level 3. HP: 21/24 MP: 2/2
   283 | D:2      | Acquired Trog's second power
   357 | D:4      | Found a staircase to the Ecumenical Temple.
   384 | D:4      | You fall through a shaft!
   470 | D:7      | Reached skill level 4 in Fighting
   470 | D:7      | Reached XP level 4. HP: 14/29 MP: 3/3
   598 | D:7      | Reached XP level 5. HP: 33/33 MP: 4/4
   751 | D:7      | Got a transparent copper ring
   776 | D:7      | Noticed an ice beast
   783 | D:7      | Killed an ice beast
   783 | D:7      | Reached XP level 6. HP: 39/39 MP: 5/5
   823 | D:7      | Noticed an ogre
   825 | D:7      | Noticed an ogre
   833 | D:7      | Killed an ogre
   877 | D:7      | Killed an ogre
   877 | D:7      | Reached skill level 5 in Axes
  1033 | D:7      | Reached skill level 5 in Fighting
  1086 | D:7      | Reached XP level 7. HP: 25/44 MP: 6/6
  1090 | D:7      | Found a sand-covered staircase.
  1099 | D:7      | Slain by a mummy

Action                   |  1- 3 |  4- 6 |  7- 9 || total
-------------------------+-------+-------+-------++-------
Melee: Hand axe          |    80 |    67 |     5 ||   152
Invok: Trog's Hand       |     1 |     2 |       ||     3
       Berserk           |       |     2 |       ||     2
Evoke: Wand              |       |     4 |       ||     4
